 Dungeon Crawl Stone Soup version 0.14-a0-1254-g249fea6 (webtiles) character file.

149 4tharraofdagon the Chopper (level 4, 0/29 HPs)
             Began as a Halfling Wanderer on Dec 2, 2013.
             Slain by a grey rat (4 damage)
             ... on Level 3 of the Dungeon.
             The game lasted 00:03:10 (891 turns).

4tharraofdagon the Chopper (Halfling Wanderer)       Turns: 891, Time: 00:03:10

HP   0/29        AC  8     Str  9      XL: 4   Next: 72%
MP   5/5         EV  5     Int 12      God:
Gold 65          SH  0     Dex 16      Spells:  0 memorised,  3 levels left

rFire  . . .     SeeInvis .     b - +0 quarterstaff
rCold  . . .     Clarity  .     n - +0 chain mail (curse)
rNeg   . . .     Conserve .     (no shield)
rPois  .         rCorr    .     (no helmet)
rElec  .         rRot     .     (no cloak)
SustAb . .       Spirit   .     (no gloves)
rMut   .         Warding  .     (no boots)
Saprov . . .     Stasis   .     (no amulet)
                                m - cursed ring of hunger {unknown}
                                g - ring of flight

@: slightly resistant to hostile enchantments, extremely unstealthy
A: mutation resistance 1, slow metabolism 1
a: Evoke Flight


You were on level 3 of the Dungeon.
You were not hungry.

You visited 1 branch of the dungeon, and saw 3 of its levels.

You collected 65 gold pieces.

Inventory:

Hand weapons
 b - a +0,+0 quarterstaff (weapon)
Armour
 c - a +0 ring mail
 n - a cursed +0 chain mail (worn)
Magical devices
 a - a wand of flame (7)
Comestibles
 d - 2 bread rations
 h - 2 apples
 i - an orange
 j - a meat ration
Scrolls
 e - 2 scrolls of curse jewellery {unknown}
 f - a scroll of enchant weapon I {unknown}
 k - a scroll of remove curse {unknown}
 l - a scroll of identify {unknown}
Jewellery
 g - a ring of flight (left hand)
 m - a cursed ring of hunger (right hand) {unknown}
Potions
 o - a potion of restore abilities
Magical staves
 p - an uncursed staff of air


   Skills:
 + Level 2.0 Fighting
   Level 2.6 Axes
 * Level 1.9 Staves
 + Level 1.5 Armour
 + Level 2.3 Dodging
 - Level 1.5 Unarmed Combat
 - Level 2.1 Evocations


You had 3 spell levels left.
You didn't know any spells.

Dungeon Overview and Level Annotations

Branches:
Dungeon (3/16)

Altars:

Portals:
Sewer: D:3


Innate Abilities, Weirdness & Mutations

You are small and have problems with some larger weapons.
You are somewhat resistant to further mutation.
You have a slow metabolism.


Message History

You closely miss the grey rat.
You hear the quick rusting of a drain.
The grey rat bites you.
* * * LOW HITPOINT WARNING * * *
The grey rat bites you.
* * * LOW HITPOINT WARNING * * *
You closely miss the grey rat.
The grey rat bites you but does no damage.
You closely miss the grey rat.
The grey rat bites you but does no damage.
The grey rat barely misses you.
You hit the grey rat.
The grey rat is lightly wounded.
The grey rat bites you.
* * * LOW HITPOINT WARNING * * *
You closely miss the grey rat.
The grey rat is lightly wounded.
The grey rat bites you but does no damage.
The grey rat bites you.
You die...

## # #.. .. .# #.#
#######.# #.#
#≈≈≈≈≈#.# ######.#
#≈≈≈≈≈#.#####
#......#
#≈≈∩s≈#.....#
#.###### ###
#≈≈≈r≈#.....#
#.####..
#...##'####.....#
#....#.#
#......r@.....#
#....#.#
##....###.....#
#....'..
#.##'###.....#
#....#.#
.####............#
#....#..
..............#####
##'#.#.. .
.............#
#.#.#..
..###.<........#
#######.#.#..
...............#
#.......#.#..
#..#.#..#........#
#.#######.#..


You could see a grey rat.

Vanquished Creatures
  An adder (D:2)
  A gnoll (D:1)
  A green rat (D:3)
  A giant mite (D:3)
  2 grey rats (D:3)
  A giant gecko (D:1)
  2 oozes (D:1)
  2 orcs (D:3)
  A ball python (D:3)
  3 bats
  6 giant cockroaches
  3 hobgoblins (D:1)
  A quokka (D:3)
  3 giant newts
  5 goblins
  4 kobolds
  4 rats
41 creatures vanquished.

Notes
Turn   | Place    | Note
--------------------------------------------------------------
     0 | D:1      | 4tharraofdagon, the Halfling Wanderer, began the quest for the Orb.
     0 | D:1      | Reached XP level 1. HP: 13/13 MP: 1/1
    63 | D:1      | Reached XP level 2. HP: 11/18 MP: 2/2
    98 | D:1      | centaur barding now huh
   107 | D:1      | Reached XP level 3. HP: 6/23 MP: 4/4
   115 | D:1      | Reached skill level 1 in Staves
   592 | D:3      | Reached XP level 4. HP: 19/29 MP: 5/5
   843 | D:3      | Found a glowing drain.
   891 | D:3      | Slain by a grey rat

Action                   |  1- 3 |  4- 6 || total
-------------------------+-------+-------++-------
Melee: Quarterstaff      |    65 |    55 ||   120
       Staff             |       |     8 ||     8
Evoke: Wand              |     8 |       ||     8
  Use: Potion            |     3 |       ||     3
